| TOP OF THE 1ST |
|
St. Louis Cardinals batting - Pitching for New York Mets : RHP Jeff Jank
|
|
Pitching: RHP Jeff Jank
|
|
|
Batting: RHB Mike Bates
|
0-0: Called Strike 0-1: Ball 1-1: Ball 2-1: Foul Ball, location: 2F 2-2: Strikes out swinging
|
|
Batting: LHB Pat Sutton
|
0-0: Ball 1-0: Ball 2-0: Called Strike 2-1: Called Strike 2-2: Ground out 2-3 (Groundball, 15S, EV 65.0 MPH)
|
|
Batting: SHB Harry Hoop
|
0-0: Fly out, F8 (Flyball, 89M, EV 88.1 MPH)
|
| Top of the 1st over - 0 runs, 0 hits, 0 errors, 0 left on base; St. Louis 0 - New York 0 |
| BOTTOM OF THE 1ST |
|
New York Mets batting - Pitching for St. Louis Cardinals : RHP Dave Crouch
|
|
Pitching: RHP Dave Crouch
|
|
|
Batting: RHB Finn Ross
|
0-0: Ball 1-0: Swinging Strike 1-1: Called Strike 1-2: Foul Ball, location: 2F 1-2: Ball 2-2: Ground out 5-3 (Groundball, 56S, EV 88.8 MPH)
|
|
Batting: RHB Josh Jones
|
0-0: Called Strike 0-1: Ball 1-1: SINGLE (Groundball, 6MD, EV 98.1 MPH)
|
|
Batting: SHB Sean Cook
|
0-0: Called Strike Josh Jones is caught stealing 2nd base 2-6 0-1: Foul Ball, location: 2F 0-2: Foul Ball, location: 2F 0-2: Ball 1-2: Ball 2-2: Ball 3-2: DOUBLE (Line Drive, 7LS, EV 100.6 MPH)
|
|
Batting: LHB Chris Ringwood
|
0-0: Ball 1-0: Foul Ball, location: 2F 1-1: Ground out 1-3 (Groundball, 13S, EV 73.1 MPH)
|
| Bottom of the 1st over - 0 runs, 2 hits, 0 errors, 1 left on base; St. Louis 0 - New York 0 |
| TOP OF THE 2ND |
|
St. Louis Cardinals batting - Pitching for New York Mets : RHP Jeff Jank
|
|
Batting: SHB Antoine Roux
|
0-0: Called Strike 0-1: Fly out, F7 (Flyball, 7, EV 78.1 MPH)
|
|
Batting: LHB Armando Carbajal
|
0-0: Called Strike 0-1: Ball 1-1: Fly out, F7 (Flyball, 7, EV 91.9 MPH)
|
|
Batting: RHB Melvin Enriquez
|
0-0: Called Strike 0-1: Ball 1-1: Ball 2-1: Swinging Strike 2-2: Strikes out swinging
|
| Top of the 2nd over - 0 runs, 0 hits, 0 errors, 0 left on base; St. Louis 0 - New York 0 |
| BOTTOM OF THE 2ND |
|
New York Mets batting - Pitching for St. Louis Cardinals : RHP Dave Crouch
|
|
Batting: RHB Drtian Thaqi
|
0-0: Foul Ball, location: 2F 0-1: Ball 1-1: Called Strike 1-2: Fly out, F7 (Flyball, 7D, EV 76.2 MPH)
|
|
Batting: SHB Jason Larson
|
0-0: Called Strike 0-1: Ball 1-1: Foul Ball, location: 2F 1-2: SINGLE (Groundball, 6D, EV 110.6 MPH)
|
|
Batting: RHB Antonio Aranda
|
0-0: Fly out, F9 (Flyball, 9LM, EV 85.6 MPH)
|
|
Batting: LHB Fabiano Perrolas
|
0-0: Ball 1-0: Ball 2-0: Ball 3-0: Called Strike 3-1: Base on Balls Jason Larson to second
|
|
Batting: SHB Luke Robbins
|
0-0: Swinging Strike 0-1: Ball 1-1: SINGLE (Groundball, 56S, EV 67.5 MPH) (infield hit) Jason Larson to third Fabiano Perrolas to second
|
|
Batting: RHB Finn Ross
|
0-0: Called Strike 0-1: Ball 1-1: Ball 2-1: Swinging Strike 2-2: Ball 3-2: Base on Balls Jason Larson scores Fabiano Perrolas to third Luke Robbins to second
|
|
Batting: RHB Josh Jones
|
0-0: Foul Ball, location: 2F 0-1: SINGLE (Line Drive, 9S, EV 91.2 MPH) Fabiano Perrolas scores Luke Robbins to third Finn Ross to second Runner from 3rd tries for Home, SAFE, throw by RF to home
|
|
Batting: SHB Sean Cook
|
0-0: Called Strike 0-1: Fly out, F2 (Popup, 25F, EV 90.6 MPH)
|
| Bottom of the 2nd over - 3 runs, 3 hits, 0 errors, 2 left on base; St. Louis 0 - New York 3 |
| TOP OF THE 3RD |
|
St. Louis Cardinals batting - Pitching for New York Mets : RHP Jeff Jank
|
|
Batting: LHB Ichiro Toyota
|
0-0: SINGLE (Groundball, 4MD, EV 108.1 MPH)
|
|
Batting: RHB Danny Gallo
|
0-0: Fly out, F8 (Flyball, 89S, EV 95.0 MPH)
|
|
Batting: SHB Chris Blue
|
0-0: Swinging Strike 0-1: SINGLE (Line Drive, 6M, EV 93.8 MPH) Ichiro Toyota to second
|
|
Batting: RHB Mike Bates
|
0-0: Ball 1-0: Ball 2-0: Swinging Strike 2-1: Called Strike 2-2: Ball 3-2: Strikes out swinging
|
|
Batting: LHB Pat Sutton
|
0-0: Swinging Strike 0-1: Fly out, F7 (Flyball, 78M, EV 86.9 MPH)
|
| Top of the 3rd over - 0 runs, 2 hits, 0 errors, 2 left on base; St. Louis 0 - New York 3 |
| BOTTOM OF THE 3RD |
|
New York Mets batting - Pitching for St. Louis Cardinals : RHP Dave Crouch
|
|
Batting: LHB Chris Ringwood
|
0-0: Called Strike 0-1: Ball 1-1: Ball 2-1: Fly out, F9 (Line Drive, 9S, EV 97.5 MPH)
|
|
Batting: RHB Drtian Thaqi
|
0-0: Ball 1-0: Foul Ball, location: 2F 1-1: Called Strike 1-2: Ground out 5-3 (Groundball, 56S, EV 70.6 MPH)
|
|
Batting: SHB Jason Larson
|
0-0: Ball 1-0: Called Strike 1-1: Ball 2-1: Foul Ball, location: 2F 2-2: Ball 3-2: Base on Balls
|
|
Batting: RHB Antonio Aranda
|
0-0: Called Strike Jason Larson steals 2nd base 0-1: Swinging Strike 0-2: Strikes out swinging
|
| Bottom of the 3rd over - 0 runs, 0 hits, 0 errors, 1 left on base; St. Louis 0 - New York 3 |
| TOP OF THE 4TH |
|
St. Louis Cardinals batting - Pitching for New York Mets : RHP Jeff Jank
|
|
Batting: SHB Harry Hoop
|
0-0: Ball 1-0: Ball 2-0: Ball 3-0: Base on Balls
|
|
Batting: SHB Antoine Roux
|
0-0: Called Strike 0-1: Ball 1-1: TRIPLE (Flyball, 9LD, EV 114.4 MPH) Harry Hoop scores
|
|
Batting: LHB Armando Carbajal
|
0-0: Swinging Strike 0-1: Ball 1-1: Foul Ball, location: 2F 1-2: Ball 2-2: Ball 3-2: Strikes out swinging
|
|
Batting: RHB Melvin Enriquez
|
0-0: Called Strike 0-1: Ball 1-1: Foul Ball, location: 2F 1-2: Fly out, F7 (Flyball, 7LSF, EV 94.4 MPH)
|
|
Batting: LHB Ichiro Toyota
|
0-0: Called Strike 0-1: Swinging Strike 0-2: Ball 1-2: Ground out 6-3 (Groundball, P, EV 83.1 MPH)
|
| Top of the 4th over - 1 run, 1 hit, 0 errors, 1 left on base; St. Louis 1 - New York 3 |
| BOTTOM OF THE 4TH |
|
New York Mets batting - Pitching for St. Louis Cardinals : RHP Dave Crouch
|
|
Batting: LHB Fabiano Perrolas
|
0-0: Swinging Strike 0-1: Ball 1-1: Ball 2-1: SOLO HOME RUN (Flyball, 89XD, EV 98.8 MPH), Distance : 406 ft
|
|
Batting: SHB Luke Robbins
|
0-0: Called Strike 0-1: Ball 1-1: SINGLE (Groundball, 34D, EV 96.9 MPH)
|
|
Batting: RHB Finn Ross
|
0-0: Called Strike 0-1: Foul Ball, location: 2F 0-2: Ball Luke Robbins is caught stealing 2nd base 2-4 1-2: Foul Ball, location: 2F 1-2: Foul Ball, location: 2F 1-2: Ball 2-2: Ground out 5-3 (Groundball, 56S, EV 68.1 MPH)
|
|
Batting: RHB Josh Jones
|
0-0: Foul Ball, location: 2F 0-1: Ball 1-1: Ball 2-1: Swinging Strike 2-2: Ground out 5-3 (Groundball, 5, EV 81.2 MPH)
|
| Bottom of the 4th over - 1 run, 2 hits, 0 errors, 0 left on base; St. Louis 1 - New York 4 |
| TOP OF THE 5TH |
|
St. Louis Cardinals batting - Pitching for New York Mets : RHP Jeff Jank
|
|
Batting: RHB Danny Gallo
|
0-0: Ball 1-0: Swinging Strike 1-1: Ball 2-1: Fly out, F8 (Line Drive, 8RM, EV 89.4 MPH)
|
|
Batting: SHB Chris Blue
|
0-0: Called Strike 0-1: Ground out 3-1 (Groundball, 34S, EV 77.5 MPH)
|
|
Batting: RHB Mike Bates
|
0-0: Ball 1-0: Ground out 5-3 (Groundball, 5S, EV 71.2 MPH)
|
| Top of the 5th over - 0 runs, 0 hits, 0 errors, 0 left on base; St. Louis 1 - New York 4 |
| BOTTOM OF THE 5TH |
|
New York Mets batting - Pitching for St. Louis Cardinals : RHP Dave Crouch
|
|
Batting: SHB Sean Cook
|
0-0: Ball 1-0: Ball 2-0: Called Strike 2-1: Ball 3-1: Swinging Strike 3-2: Foul Ball, location: 2F 3-2: Foul Ball, location: 2F 3-2: Foul Ball, location: 2F 3-2: SINGLE (Line Drive, 5D, EV 94.4 MPH)
|
|
Batting: LHB Chris Ringwood
|
0-0: Ball 1-0: Swinging Strike 1-1: Fly out, F7 (Flyball, 78D, EV 90.6 MPH)
|
|
Batting: RHB Drtian Thaqi
|
0-0: Called Strike 0-1: Ball Sean Cook steals 2nd base (no throw) 1-1: Swinging Strike 1-2: Foul Ball, location: 2F 1-2: Strikes out swinging
|
|
Batting: SHB Jason Larson
|
0-0: Ball 1-0: Called Strike 1-1: Ball 2-1: Ground out 4-3 (Groundball, 4S, EV 67.5 MPH)
|
| Bottom of the 5th over - 0 runs, 1 hit, 0 errors, 1 left on base; St. Louis 1 - New York 4 |
| TOP OF THE 6TH |
|
St. Louis Cardinals batting - Pitching for New York Mets : RHP Jeff Jank
|
|
Batting: LHB Pat Sutton
|
0-0: Called Strike 0-1: Ball 1-1: Ball 2-1: Ground out 4-3 (Groundball, 4, EV 87.5 MPH)
|
|
Batting: SHB Harry Hoop
|
0-0: Ball 1-0: Called Strike 1-1: Foul Ball, location: 2F 1-2: SINGLE (Line Drive, 8LS, EV 101.9 MPH)
|
|
Batting: SHB Antoine Roux
|
0-0: Called Strike 0-1: Swinging Strike 0-2: Foul Ball, location: 2F 0-2: Strikes out looking
|
|
Batting: LHB Armando Carbajal
|
0-0: Ball 1-0: Ball 2-0: Called Strike Harry Hoop steals 2nd base 2-1: Called Strike 2-2: Strikes out swinging
|
| Top of the 6th over - 0 runs, 1 hit, 0 errors, 1 left on base; St. Louis 1 - New York 4 |
| BOTTOM OF THE 6TH |
|
New York Mets batting - Pitching for St. Louis Cardinals : RHP Dave Crouch
|
|
Pitching: LHP Danny Rivera
|
|
|
Batting: RHB Antonio Aranda
|
0-0: Ball 1-0: Swinging Strike 1-1: Ball 2-1: Foul Ball, location: 2F 2-2: Strikes out looking
|
|
Batting: LHB Fabiano Perrolas
|
0-0: Ball 1-0: Swinging Strike 1-1: Reached on error, E5 (Groundball, 5, EV 108.1 MPH)
|
|
Batting: SHB Luke Robbins
|
0-0: Ball 1-0: Ball 2-0: Ball 3-0: Called Strike 3-1: Fly out, F8 (Flyball, 8RD, EV 106.2 MPH)
|
|
Batting: RHB Finn Ross
|
0-0: Ball 1-0: Called Strike Fabiano Perrolas is caught stealing 2nd base 2-4
|
| Bottom of the 6th over - 0 runs, 0 hits, 1 error, 0 left on base; St. Louis 1 - New York 4 |
| TOP OF THE 7TH |
|
St. Louis Cardinals batting - Pitching for New York Mets : RHP Jeff Jank
|
|
Batting: RHB Melvin Enriquez
|
0-0: Ground out 5-3 (Groundball, 56, EV 84.4 MPH)
|
|
Batting: LHB Ichiro Toyota
|
0-0: Called Strike 0-1: Fly out, F7 (Flyball, 7, EV 85.0 MPH)
|
|
Batting: RHB Danny Gallo
|
0-0: DOUBLE (Line Drive, 9LS, EV 103.1 MPH)
|
|
Batting: SHB Chris Blue
|
0-0: Foul Ball, location: 2F 0-1: Called Strike 0-2: Ball 1-2: Ball 2-2: Foul Ball, location: 2F 2-2: Ball 3-2: Base on Balls
|
|
Batting: RHB Mike Bates
|
0-0: Called Strike 0-1: Ball 1-1: Reached on error, E3 (Groundball, 34, EV 91.9 MPH) Danny Gallo scores Chris Blue to third
|
|
Batting: LHB Pat Sutton
|
0-0: Ball 1-0: Ball 2-0: Foul Ball, location: 2F 2-1: Foul Ball, location: 2F 2-2: Fly out, F7 (Line Drive, 7, EV 89.4 MPH)
|
| Top of the 7th over - 1 run, 1 hit, 1 error, 2 left on base; St. Louis 2 - New York 4 |
| BOTTOM OF THE 7TH |
|
New York Mets batting - Pitching for St. Louis Cardinals : LHP Danny Rivera
|
|
Batting: RHB Finn Ross
|
0-0: Called Strike 0-1: Foul Ball, location: 2F 0-2: Ball 1-2: Ball 2-2: Fly out, F7 (Line Drive, 7D, EV 106.9 MPH)
|
|
Batting: RHB Josh Jones
|
0-0: Swinging Strike 0-1: Foul Ball, location: 2F 0-2: Foul Ball, location: 2F 0-2: Ball 1-2: Ball 2-2: Ball 3-2: SINGLE (Groundball, 4MD, EV 107.5 MPH)
|
|
Batting: SHB Sean Cook
|
0-0: Ball 1-0: Ball Josh Jones is caught stealing 2nd base 2-4 2-0: Called Strike 2-1: Foul Ball, location: 2F 2-2: Ball 3-2: DOUBLE (Line Drive, 89D, EV 101.9 MPH)
|
|
Batting: LHB Chris Ringwood
|
0-0: Called Strike 0-1: Ball 1-1: Ball 2-1: Ball 3-1: Called Strike 3-2: Foul Ball, location: 2F 3-2: Foul Ball, location: 2F 3-2: Foul Ball, location: 2F 3-2: Foul Ball, location: 2F 3-2: Base on Balls
|
|
Pitching: RHP Mike Pemble
|
|
|
Batting: RHB Drtian Thaqi
|
0-0: Ball 1-0: Ball 2-0: Called Strike 2-1: Called Strike 2-2: Strikes out swinging
|
| Bottom of the 7th over - 0 runs, 2 hits, 0 errors, 2 left on base; St. Louis 2 - New York 4 |
| TOP OF THE 8TH |
|
St. Louis Cardinals batting - Pitching for New York Mets : RHP Jeff Jank
|
|
Batting: SHB Harry Hoop
|
0-0: Fly out, F8 (Line Drive, 78M, EV 99.4 MPH)
|
|
Batting: SHB Antoine Roux
|
0-0: Swinging Strike 0-1: Foul Ball, location: 2F 0-2: Ball 1-2: Ball 2-2: Fly out, F7 (Flyball, 78D, EV 96.2 MPH)
|
|
Batting: LHB Armando Carbajal
|
0-0: Ground out U3 (Groundball, 3, EV 89.4 MPH)
|
| Top of the 8th over - 0 runs, 0 hits, 0 errors, 0 left on base; St. Louis 2 - New York 4 |
| BOTTOM OF THE 8TH |
|
New York Mets batting - Pitching for St. Louis Cardinals : RHP Mike Pemble
|
|
Pitching: LHP Nate Crow
|
|
|
Batting: SHB Jason Larson
|
0-0: Swinging Strike 0-1: Ball 1-1: Foul Ball, location: 2F 1-2: Ball 2-2: Foul Ball, location: 2F 2-2: Ground out 5-3 (Groundball, 5S, EV 87.5 MPH)
|
|
Batting: RHB Antonio Aranda
|
0-0: Called Strike 0-1: Ball 1-1: Foul Ball, location: 2F 1-2: Foul Ball, location: 2F 1-2: Ball 2-2: Ball 3-2: Ground out 6-3 (Groundball, 6, EV 98.8 MPH)
|
|
Batting: LHB Fabiano Perrolas
|
0-0: Called Strike 0-1: Foul Ball, location: 2F 0-2: Ball 1-2: Strikes out looking
|
| Bottom of the 8th over - 0 runs, 0 hits, 0 errors, 0 left on base; St. Louis 2 - New York 4 |
| TOP OF THE 9TH |
|
St. Louis Cardinals batting - Pitching for New York Mets : RHP Jeff Jank
|
|
Pitching: LHP Ken Dewey
|
|
|
Batting: RHB Melvin Enriquez
|
0-0: Swinging Strike 0-1: Swinging Strike 0-2: Ball 1-2: Ball 2-2: Ball 3-2: Fly out, F9 (Flyball, 89S, EV 90.0 MPH)
|
|
Batting: LHB Ichiro Toyota
|
0-0: Foul Ball, location: 2F 0-1: Swinging Strike 0-2: Ball 1-2: Strikes out swinging
|
|
Batting: RHB Danny Gallo
|
0-0: Ball 1-0: Ball 2-0: Called Strike 2-1: Swinging Strike 2-2: Ground out 6-3 (Groundball, 6, EV 104.4 MPH)
|
| Top of the 9th over - 0 runs, 0 hits, 0 errors, 0 left on base; St. Louis 2 - New York 4 |
|